 Dungeon Crawl Stone Soup version 0.17-a0-1596-g1e86911 (console) character file.

25 lauthentik the Vexing (level 2, -1/20 HPs)
             Began as a Vampire Enchanter on July 30, 2015.
             Slain by an adder (2 damage)
             ... on level 2 of the Dungeon on July 31, 2015.
             The game lasted 00:08:14 (822 turns).

lauthentik the Vexing (Vampire Enchanter)            Turns: 822, Time: 00:08:14

Health: -1/20      AC:  3    Str:  7    XL:     2   Next: 86%
Magic:  1/5        EV: 13    Int: 17    God:
Gold:   93         SH:  0    Dex: 14    Spells: 2 memorised, 2 levels left

rFire  . . .     SeeInvis +     a - +1 dagger
rCold  + + .     Clarity  .     b - +1 robe
rNeg   + + .     SustAt   .     (no shield)
rPois  +         Gourm    .     (no helmet)
rElec  .         Spirit   .     (no cloak)
rCorr  .         Warding  .     (no gloves)
rMut   .         Stasis   .     (no boots)
MR     .....                    (no amulet)
Stlth  +++.......               (no ring)
                                h - ring of protection from cold

@: lethally poisoned (-1 -> -9), very slightly contaminated, regenerating
slowly, not resistant to hostile enchantments, fairly stealthy
A: fangs 3, see invisible, poison resistance, unbreathing
a: no special abilities


You were on level 2 of the Dungeon.
You were thirsty.

You visited 1 branch of the dungeon, and saw 2 of its levels.

You collected 93 gold pieces.

Inventory:

Hand weapons
 a - a +1 dagger (weapon)
Armour
 b - a +1 robe (worn)
Jewellery
 h - a ring of protection from cold (left hand)
Scrolls
 e - a scroll of identify {unknown}
 g - 2 scrolls of teleportation {unknown}
Potions
 d - a potion of blood
 f - a potion of beneficial mutation
Books
 c - a book of Maledictions

   Spells                             Type                      Level
   a - Corona                         Hexes                        1
   b - Ensorcelled Hibernation        Hexes/Ice                    2
   c - Confuse                        Hexes                        3
   d - Tukima's Dance                 Hexes                        3
   e - Dazzling Spray                 Conjuration/Hexes            3


   Skills:
 + Level 0.5 Fighting
 + Level 1.1 Short Blades
 + Level 2.5 Dodging
 + Level 4.8 Stealth
 + Level 2.3 Spellcasting
 + Level 4.8 Hexes
 + Level 0.2 Ice Magic


You had 2 spell levels left.
You knew the following spells:

 Your Spells              Type           Power        Failure   Level  Hunger
a - Ensorcelled Hibernat  Hex/Ice        ##....       12%         2    ###....
b - Corona                Hex            ###....      2%          1    #......


Dungeon Overview and Level Annotations

Branches:
Dungeon (2/15)

Altars:


Innate Abilities, Weirdness & Mutations

You heal slowly.
You have razor-sharp teeth.
You have supernaturally acute eyesight.
You can survive without breathing.
Your system is resistant to poisons.


Message History

Confirm with . or Enter, or press ? or * to list all spells.
Aiming: Ensorcelled Hibernation
Press: ? - help, Shift-Dir - straight line, f/p - adder
Aim: an adder (severely wounded, chance to defeat MR: 50%)
The adder resists with some effort.
You are feeling thirsty.
* * * LOW HITPOINT WARNING * * *
You feel sick. The adder bites you.
* * * LOW HITPOINT WARNING * * *
The adder barely misses you.
Casting: Ensorcelled Hibernation
Confirm with . or Enter, or press ? or * to list all spells.
Aiming: Ensorcelled Hibernation
Press: ? - help, Shift-Dir - straight line, f/p - adder
Aim: an adder (severely wounded, chance to defeat MR: 50%)
The adder resists with some effort.
The adder barely misses you.
You miss the adder.
The adder is severely wounded.
The adder bites you.
You die...

#.#####.#....# #.#
#.#.##.# #.# #....#.#
###### #.# ###..#.#
......
#.#######..#.###......
#......##.............
###....##.....)......#
#....#.............#
#....#..##@#########
#...<#..##S########
#.##.#..##(.......#
#....#.. #........#
######. #........#
#........# #........#
#........# ..$......#


You could see an adder.

Vanquished Creatures
  An ooze (D:1)
  5 hobgoblins
  3 kobolds (D:1)
  4 bats (D:1)
  2 giant cockroaches (D:1)
  A giant newt (D:1)
  3 goblins (D:1)
  4 rats (D:1)
23 creatures vanquished.

Notes
Turn   | Place    | Note
--------------------------------------------------------------
     0 | D:1      | lauthentik the Vampire Enchanter began the quest for the Orb.
     0 | D:1      | Reached XP level 1. HP: 13/13 MP: 3/3
   151 | D:1      | Reached XP level 2. HP: 11/20 MP: 5/5
   163 | D:1      | Learned a level 2 spell: Ensorcelled Hibernation
   818 | D:2      | Gained mutation: Your system is resistant to poisons. [potion of beneficial mutation]
   820 | D:2      | HP: 1/20 [adder (1)]
   822 | D:2      | Slain by an adder

Vault maps used:
D:1:      tarquinn_simple_flora_water_b, kennysheep_small_spiral
D:2:      uniq_natasha

Action                   || total
-------------------------++-------
Melee: Dagger            ||    76
 Cast: Corona            ||     3
       Ensorcelled Hiber ||    12
  Use: Potion            ||     2
 Stab: Sleeping          ||    10
